 Dungeon Crawl Stone Soup version 0.31-a0-216-g22e908daa7 (webtiles) character file.

Game seed: 9981137069838178559

86 qw the Shooter (level 4, 0/26 HPs)
             Began as a Gargoyle Hexslinger on July 2, 2023.
             Slain by a water moccasin (6 damage)
             ... in a sewer.
             The game lasted 00:00:57 (2384 turns).

qw the Shooter (Gargoyle Hexslinger)                Turns: 2384, Time: 00:00:58

Health: 0/26       AC:  5    Str: 12    XL:     4   Next: 50%
Magic:  5/5        EV: 12    Int: 10    God:
Gold:   100        SH:  0    Dex: 14    Spells: 4/5 levels left

rFire   + + .        Y - +2 sling
rCold   . . .        (no shield)
rNeg    + . .        h - +0 robe of Potorgh {rElec rF++ Int-3 Stlth+}
rPois   inf          (no helmet)
rElec   +            (no cloak)
rCorr   +            (no gloves)
SInv    .            (no boots)
Will    .....        (no amulet)
Stlth   ++           d - ring of resist corrosion
HPRegen 0.24/turn    (no ring)
MPRegen 0.09/turn

%: no passive effects
@: about to teleport
A: sickness immunity, AC +3, negative energy resistance 1, electricity
resistance, torment resistance 1, petrification resistance
a: no special abilities


You were in a sewer.
You visited 1 branch of the dungeon, and saw 3 of its levels.
You also visited: Sewer.

You collected 100 gold pieces.


Innate Abilities, Weirdness & Mutations

You are immune to sickness and miasma.
Your stone body is resilient. (AC +3)
You are immune to poison.
You resist negative energy. (rN+)
You are resistant to electric shocks. (rElec)
You are resistant to unholy torment.
You are immune to petrification.


   Skills:
 - Level 2.0 Fighting
 + Level 4.3 Ranged Weapons
 - Level 1.5 Dodging
 - Level 1.0 Spellcasting
 - Level 2.6 Hexes


You had 4 spell levels left.
You knew the following spells:

 Your Spells              Type           Power      Damage    Failure   Level
a - Slow                  Hex            20%        N/A       12%         1

Your spell library contained the following spells:

 Spells                   Type           Power      Damage    Failure   Level
 Inner Flame              Hex/Fire       3%         N/A       52%         3
 Portal Projectile        Hex/Tloc       6%         N/A       52%         3
 Cause Fear               Hex            2%         N/A       75%         4

Inventory:

Hand Weapons
 Y - a +2 sling (weapon)
Armour
 e - a +0 pair of boots
 h - the +0 robe of Potorgh (worn) {rElec rF++ Int-3 Stlth+}
   (You found it on level 2 of the Dungeon)

   Int:       It affects your intelligence (-3).
   rF:        It greatly protects you from fire.
   rElec:     It insulates you from electricity.
   Stlth:     It makes you more stealthy.
 j - a +0 ring mail
Jewellery
 d - a ring of resist corrosion (left hand)
 k - an amulet of the acrobat
Scrolls
 i - a scroll of identify
 l - a scroll of enchant armour
Potions
 b - a potion of invisibility {unknown}
 c - a potion of mutation {unknown}
 f - a potion of might {unknown}
 g - a potion of curing {unknown}
 m - a potion of attraction {unknown}

Dungeon Overview and Level Annotations

Branches:
Dungeon (3/15)              Sewer (1/1)

Altars:
Sif Muna
Trog


Message History

The sling bullet barely misses the water moccasin.
The water moccasin bites you! The water moccasin bites you.
You shoot a sling bullet.
The sling bullet hits the water moccasin.
The water moccasin is heavily wounded.
The water moccasin bites you but does no damage.
The water moccasin closely misses you.
You shoot a sling bullet.
The sling bullet hits the water moccasin but does no damage.
The water moccasin is heavily wounded.
The water moccasin misses you.
You shoot a sling bullet.
The sling bullet hits the water moccasin but does no damage.
The water moccasin is heavily wounded.
The water moccasin bites you but does no damage. x2
You shoot a sling bullet.
The sling bullet hits the water moccasin!
The water moccasin is severely wounded.
The water moccasin bites you but does no damage.
The water moccasin barely misses you.
You shoot a sling bullet.
The sling bullet hits the water moccasin.
The water moccasin is almost dead.
The water moccasin bites you but does no damage.
You shoot a sling bullet.
The sling bullet closely misses the water moccasin.
The water moccasin bites you. The water moccasin misses you.
You shoot a sling bullet.
The sling bullet hits the water moccasin but does no damage.
The water moccasin is almost dead.
The water moccasin barely misses you. The water moccasin bites you.
2383 ||| READING scroll of teleportation.
As you read the scroll of teleportation, it crumbles to dust.
You feel strangely unstable.
The water moccasin bites you but does no damage.
You shoot a sling bullet.
The sling bullet barely misses the water moccasin.
The water moccasin bites you but does no damage.
The water moccasin bites you.
You die...

#...#~~.#
#..###~~##
#.~. #~..#
#..# ##.~#
#.. #..#
#. #~.#
##~.#
#...#
#@.##
#.S.#
~...##
#..~.~#
##...##
#~.. .#~#
!/#.


You could see a water moccasin.

Vanquished Creatures
  A gnoll (D:3)
  3 adders
  A white imp (D:3)
  3 dart slugs
  3 ball pythons
  3 endoplasms
  6 goblins
  3 hobgoblins
  3 quokkas
  3 bats
  3 frilled lizards
  3 kobolds
  3 rats
38 creatures vanquished.

Notes
Turn   | Place    | Note
-------+----------+-------------------------------------------
     0 | D:1      | qw the Gargoyle Hexslinger began the quest for the Orb.
     0 | D:1      | Reached XP level 1. HP: 12/12 MP: 2/2
     0 | D:1      | 0 ||| qw: Version: 0.3-a-39-g4513739
     0 | D:1      | 0 ||| qw: Game counter: 7896
     0 | D:1      | 0 ||| qw: Melee chars always use a shield: true
     0 | D:1      | 0 ||| qw: God list: Okawaru
     0 | D:1      | 0 ||| qw: Allow faded altars: false
     0 | D:1      | 0 ||| qw: Do Orc after clearing Dungeon:15 true
     0 | D:1      | 0 ||| qw: Do second Lair branch before Depths: true
     0 | D:1      | 0 ||| qw: Lair rune preference: random
     0 | D:1      | 0 ||| qw: Goals: Normal
     0 | D:1      | 0 ||| PLANNING D:1-11
    31 | D:1      | Found a faded altar of an unknown god.
   245 | D:1      | Reached XP level 2. HP: 13/16 MP: 3/3
   247 | D:1      | 247 ||| FLEEEEING.
   248 | D:1      | 248 ||| FLEEEEING.
   249 | D:1      | 249 ||| FLEEEEING.
   250 | D:1      | 250 ||| FLEEEEING.
   367 | D:1      | Reached skill level 3 in Ranged Weapons
   825 | D:1      | Reached XP level 3. HP: 21/21 MP: 4/4
   948 | D:1      | 948 ||| UPGRADING to +0 leather armour.
   958 | D:1      | 958 ||| DROPPING +0 robe.
   959 | D:1      | 959 ||| UPGRADING to +0 ring mail.
   969 | D:1      | 969 ||| DROPPING +0 leather armour.
   970 | D:1      | 970 ||| UPGRADING to ring of resist corrosion.
   971 | D:1      | 971 ||| READING scroll labelled VECKOU SIERPHIU.
   972 | D:1      | 972 ||| READING scroll labelled KEADOLO SIONN.
   975 | D:1      | 975 ||| DROPPING scroll of poison.
   980 | D:1      | Found a shimmering blue altar of Sif Muna.
  1177 | D:2      | Identified the +0 robe of Potorgh {rElec rF++ Int-3 Stlth+}
  1705 | D:2      | 1705 ||| UPGRADING to +0 robe of Potorgh {rElec rF++ Int-3
                  | Stlth+}.
  1715 | D:2      | 1715 ||| READING 2 scrolls labelled MUKICAOHEA.
  1718 | D:2      | 1718 ||| READING scroll labelled EGARHA HOSH.
  1719 | D:2      | 1719 ||| READING scroll labelled WUJEZX TETOPIDYL.
  1720 | D:2      | 1720 ||| READING 2 scrolls labelled KEPSEUNG ULUAB.
  1721 | D:2      | 1721 ||| DRINKING 2 viscous blue potions.
  1769 | D:2      | 1769 ||| DROPPING potion of lignification.
  1774 | D:3      | 1774 ||| PLANNING SEWER
  1844 | D:3      | Reached XP level 4. HP: 26/26 MP: 5/5
  1881 | D:3      | Reached skill level 4 in Ranged Weapons
  1881 | D:3      | Found a bloodstained altar of Trog.
  1910 | D:3      | Found a shimmering blue altar of Sif Muna.
  2256 | D:3      | Identified the +0 dagger "Neisiah" {heavy, Drain Will+
                  | rCorr Str+4}
  2330 | D:3      | Found a glowing drain.
  2331 | D:3      | 2331 ||| READING scroll labelled XUVAV ERACU.
  2332 | D:3      | 2332 ||| READING scroll labelled ZYOCZA WYACARCH.
  2341 | Sewer    | Entered a sewer
  2369 | Sewer    | Noticed a water moccasin
  2382 | Sewer    | HP: 5/26 [water moccasin (3)]
  2383 | Sewer    | 2383 ||| READING scroll of teleportation.
  2384 | Sewer    | Slain by a water moccasin

Levels and vault maps discovered:
D:1:      dpeg_arrival_lava_altar, layout_loops_cross,
          shapermc_ecumenical_altar_venn, hangedman_decor_growths
D:2:      layout_basic
D:3:      layout_rooms, nzn_overflow_gifts_of_might_and_magic,
          portal_sewer_entry_d
Sewer:    sewer_the_moccasin

Skill      XL: |  1  2  3  4 |
---------------+-------------+-----
Ranged Weapons | 3 4 |  4.3
Fighting       | 2 |  2.0
Dodging        | |  1.5
Spellcasting   | |  1.0
Hexes          | |  2.6

Action                     |  1- 3 |  4- 6 || total
---------------------------+-------+-------++-------
   Fire: Sling             |   175 |    36 ||   211
    Use: Scroll            |     6 |     3 ||     9
         Potion            |     1 |       ||     1
 Armour: Robe              |    17 |    10 ||    27
         Ring mail         |    44 |       ||    44
  Dodge: Dodged            |    77 |     9 ||    86

Table legend:
 A = Non-vault XP
 B = Vault XP
 C = Vault XP percentage of total XP
 D = Non-vault monster count
 E = Vault monster count
 F = Vault count percentage of total count
                 A         B        C        D         E       F
            +---------+---------+-------+---------+---------+-------
      Total |      87 |      37 |  29.8 |      35 |       3 |   7.9
            +---------+---------+-------+---------+---------+-------
        D:1 |      34 |       0 |   0.0 |      18 |       0 |   0.0
        D:2 |      41 |       0 |   0.0 |      11 |       0 |   0.0
        D:3 |      12 |      37 |  75.5 |       6 |       3 |  33.3
            +---------+---------+-------+---------+---------+-------
